 Dungeon Crawl Stone Soup version 0.31-a0-152-g6aa68a64a1 (webtiles) character file.

Game seed: 9034413241312227127

2147 qw the Skirmisher (level 9, -1/73 (82) HPs)
             Began as a Naga Hunter on June 9, 2023.
             Was an Initiate of Okawaru.
             Slain by a wight
             ... wielding a +2 hand axe of freezing
              (3 damage)
             ... on level 6 of the Dungeon.
             The game lasted 00:02:25 (6089 turns).

qw the Skirmisher (Naga Hunter)                     Turns: 6089, Time: 00:02:26

HP:   -1/73 (82)    AC: 10    Str: 14    XL:     9   Next: 31%
MP:   9/9           EV: 16    Int:  9    God:    Okawaru [......]
Gold: 346           SH:  0    Dex: 19    Spells: 8/8 levels left

rFire   . . .        Y - +0 shortbow
rCold   . . .        (shield currently unavailable)
rNeg    . . .        c - +0 leather armour
rPois   +            a - +2 hat {SInv}
rElec   .            (no cloak)
rCorr   .            (no gloves)
SInv    +            (no barding)
Will    +....        (no amulet)
Stlth   ++           e - +5 ring of evasion
HPRegen 0.32/turn    d - +4 ring of protection
MPRegen 0.11/turn

%: no passive effects
@: about to teleport, heavily drained, very slow
A: AC +3, large, see invisible, deformed body, poison resistance, slowness 2,
spit poison 1, naga tail 1
a: Spit Poison, Renounce Religion


You were on level 6 of the Dungeon.
You worshipped Okawaru.
Okawaru was noncommittal.
You visited 2 branches of the dungeon, and saw 8 of its levels.

You collected 346 gold pieces.


Innate Abilities, Weirdness & Mutations

Your serpentine skin is tough. (AC +3)
You have supernaturally acute eyesight. (SInv)
Armour fits poorly on your strangely shaped body.
Your system is resistant to poisons. (rPois)
You cover ground very slowly.
You can spit poison.
You have a snake-like lower body.


   Skills:
 - Level 6.2 Fighting
 + Level 9.8 Ranged Weapons
 - Level 3.3 Dodging
 - Level 1.5 Stealth


You had 8 spell levels left.
You didn't know any spells.
Your spell library was empty.

Inventory:

Hand Weapons
 Y - a +0 shortbow (weapon)
Armour
 a - a +2 hat of see invisible (worn)
 c - a +0 leather armour (worn)
Jewellery
 d - a +4 ring of protection (right hand)
 e - a +5 ring of evasion (left hand)
Scrolls
 g - 2 scrolls of identify
 j - 3 scrolls of enchant armour
Potions
 b - a potion of curing
 i - a potion of might

Dungeon Overview and Level Annotations

Branches:
Dungeon (7/15)             Temple (1/1) D:6

Altars:
Ashenzari
Cheibriados
Elyvilon
Fedhas
Hepliaklqana
Kikubaaqudgha
Makhleb
Nemelex Xobeh
Okawaru
Qazlal
Ru
Sif Muna
Trog
Uskayaw
Vehumet
Wu Jian
Xom
Yredelemnul
Zin
The Shining One

Annotations:
D:2 Sigmund
D:4 3 runed translucent doors, qw's ghost, amateur MiHu
D:5 3 runed translucent doors, qw's ghost, novice GrHu


Message History

The wight misses you.
You shoot an arrow. The arrow hits the wight.
The wight is severely damaged.
The wight hits you with a +4 morningstar of freezing!
The wight freezes you. The wight closely misses you.
The wight hits you but does no damage.
6082 ||| STAIRDANCE The wight hits you with a +4 morningstar of freezing!
You feel drained. The wight freezes you. The wight misses you.
The wight hits you with a +1 dagger of protection.
You feel drained.
You climb upwards.
There is a stone staircase leading down here.
You shoot an arrow. The arrow hits the wight.
The wight is almost destroyed.
The wight barely misses you.
The wight hits you with a +1 dagger of protection.
You feel drained. The wight completely misses you.
You shoot an arrow. The arrow hits the wight.
You destroy the wight!
Okawaru accepts your kill. The wight misses you. The wight closely misses you.
You shoot an arrow. The arrow closely misses the wight.
The wight hits you with a +4 morningstar of freezing!
You feel drained. The wight freezes you. The wight hits you but does no damage.
You shoot an arrow. The arrow completely misses the wight.
The wight hits you with a +4 morningstar of freezing!
You feel drained. The wight freezes you.
The wight hits you with a +2 hand axe of freezing!
The wight freezes you.
6088 ||| READING scroll of teleportation.
As you read the scroll of teleportation, it crumbles to dust.
You feel strangely unstable. The wight misses you.
The wight closely misses you.
You shoot an arrow. The arrow hits the wight!
The wight is heavily damaged.
The wight hits you with a +4 morningstar of freezing!
The wight freezes you.
The wight hits you with a +2 hand axe of freezing.
You die...

#####.###.#...###.#######.
#.....>...##.## #......##.
#.###.###.##.# ##.####.##.
#.# #.###.##.###...###.##.
#.# #.....##.....#.....##.
#.# #.:.#.##.###...######.
#.# ###.#.##.# ##.........
#.#####.#.##.# ##########
#.##.....@)..#
#.......zz##.#
####.##.####.#########
#.##.# #.......%.# #.##.#
#########.# # #.##.# #.# #
#.##.# #.# ### #.##.# #.#
#.. #.##.####### #.# #.#


You could see 2 wights.

Vanquished Creatures
  Pikel (D:4)
  A wraith (D:5)
  Eustachio (D:4)
  A sky beast (D:6)
  An ogre (D:6)
  A phantom (D:6)
  A bullfrog (D:6)
  6 scorpions
  3 wights (D:6)
  An electric eel (D:5)
  2 hounds
  2 orc priests
  A gnoll bouda (D:5)
  Ijyb (D:3)
  Terence (D:2)
  2 iguanas
  4 orc wizards
  Robin (D:2)
  3 gnolls (D:5)
  5 adders
  2 ufetubi
  4 worms
  2 dart slugs (D:1)
  10 orcs
  6 bats
  6 endoplasms
  2 giant cockroaches
  6 hobgoblins
  5 kobolds
  A quokka (D:1)
  8 ball pythons
  2 frilled lizards (D:1)
  12 goblins
  3 rats
108 creatures vanquished.

Notes
Turn   | Place    | Note
-------+----------+-------------------------------------------
     0 | D:1      | qw the Naga Hunter began the quest for the Orb.
     0 | D:1      | Reached XP level 1. HP: 19/19 MP: 1/1
     0 | D:1      | 0 ||| qw: Version: 0.2-a-122-gbc61b45
     0 | D:1      | 0 ||| qw: Game counter: 3406
     0 | D:1      | 0 ||| qw: Always use a shield: true
     0 | D:1      | 0 ||| qw: God list: Okawaru
     0 | D:1      | 0 ||| qw: Allow faded altars: false
     0 | D:1      | 0 ||| qw: Do Orc after D:15 true
     0 | D:1      | 0 ||| qw: Do second Lair branch before Depths: true
     0 | D:1      | 0 ||| qw: Lair rune preference: random
     0 | D:1      | 0 ||| qw: Plans: Normal
     0 | D:1      | 0 ||| PLANNING D:1-11
    47 | D:1      | 47 ||| INVOKING Spit Poison.
    75 | D:1      | Reached skill level 4 in Ranged Weapons
    75 | D:1      | Reached XP level 2. HP: 24/26 MP: 2/2
   103 | D:1      | 103 ||| INVOKING Spit Poison.
   109 | D:1      | 109 ||| INVOKING Spit Poison.
   112 | D:1      | 112 ||| INVOKING Spit Poison.
   160 | D:1      | 160 ||| INVOKING Spit Poison.
   177 | D:1      | 177 ||| INVOKING Spit Poison.
   216 | D:1      | 216 ||| INVOKING Spit Poison.
   384 | D:1      | 384 ||| INVOKING Spit Poison.
   405 | D:1      | 405 ||| INVOKING Spit Poison.
   412 | D:1      | Reached XP level 3. HP: 32/32 MP: 3/3
   456 | D:1      | 456 ||| UPGRADING to +5 ring of evasion.
   457 | D:1      | 457 ||| READING 3 scrolls labelled VOVIERAMNI.
   458 | D:1      | 458 ||| READING scroll labelled BESTROL FOXT.
   459 | D:1      | 459 ||| READING scroll labelled POCONI MAT FIS.
   460 | D:1      | 460 ||| DROPPING 2 scrolls of blinking.
   461 | D:1      | 461 ||| DROPPING scroll of butterflies.
   500 | D:2      | 500 ||| INVOKING Spit Poison.
   509 | D:2      | You fall into a shaft and drop 1 floor!
   512 | D:3      | 512 ||| INVOKING Spit Poison.
   594 | D:3      | 594 ||| INVOKING Spit Poison.
   598 | D:3      | 598 ||| INVOKING Spit Poison.
   602 | D:3      | 602 ||| INVOKING Spit Poison.
   655 | D:2      | 655 ||| INVOKING Spit Poison.
   661 | D:2      | 661 ||| INVOKING Spit Poison.
   715 | D:2      | 715 ||| INVOKING Spit Poison.
   728 | D:2      | Noticed Sigmund
   732 | D:2      | 732 ||| INVOKING Spit Poison.
   737 | D:2      | 737 ||| READING scroll labelled LOFA YR GYAR.
   877 | D:2      | Noticed Terence
   878 | D:2      | 878 ||| INVOKING Spit Poison.
   882 | D:2      | 882 ||| INVOKING Spit Poison.
   885 | D:2      | 885 ||| INVOKING Spit Poison.
   891 | D:2      | 891 ||| INVOKING Spit Poison.
   891 | D:2      | Killed Terence
   892 | D:2      | Reached skill level 5 in Ranged Weapons
   892 | D:2      | Reached XP level 4. HP: 14/39 MP: 4/4
   897 | D:2      | 897 ||| INVOKING Spit Poison.
   901 | D:2      | 901 ||| INVOKING Spit Poison.
  1033 | D:2      | 1033 ||| Stepping ~*~*~tactically~*~*~ (outnumbered).
  1036 | D:2      | 1036 ||| INVOKING Spit Poison.
  1040 | D:2      | 1040 ||| INVOKING Spit Poison.
  1059 | D:2      | 1059 ||| INVOKING Spit Poison.
  1060 | D:2      | Noticed Robin
  1062 | D:2      | 1062 ||| Stepping ~*~*~tactically~*~*~ (outnumbered).
  1065 | D:2      | 1065 ||| INVOKING Spit Poison.
  1071 | D:2      | 1071 ||| INVOKING Spit Poison.
  1074 | D:2      | Killed Robin
  1076 | D:2      | 1076 ||| INVOKING Spit Poison.
  1180 | D:2      | 1180 ||| INVOKING Spit Poison.
  1249 | D:2      | 1249 ||| INVOKING Spit Poison.
  1255 | D:2      | 1255 ||| INVOKING Spit Poison.
  1275 | D:2      | 1275 ||| INVOKING Spit Poison.
  1282 | D:2      | 1282 ||| INVOKING Spit Poison.
  1298 | D:2      | 1298 ||| INVOKING Spit Poison.
  1410 | D:2      | 1410 ||| UPGRADING to +0 helmet.
  1415 | D:2      | 1415 ||| READING scroll labelled SICWUI AM PIS.
  1416 | D:2      | 1416 ||| READING scroll labelled VUTHRI HUHUI.
  1416 | D:2      | Identified a scroll of acquirement
  1416 | D:2      | 1416 ||| ACQUIRING +2 hat of see invisible
  1416 | D:2      | Acquired a +2 hat of see invisible
  1418 | D:2      | 1418 ||| UPGRADING to +2 hat of see invisible.
  1428 | D:2      | 1428 ||| DROPPING +0 helmet.
  1494 | D:3      | Noticed Ijyb
  1495 | D:3      | 1495 ||| INVOKING Spit Poison.
  1498 | D:3      | Killed Ijyb
  1499 | D:3      | Reached skill level 3 in Fighting
  1499 | D:3      | Reached XP level 5. HP: 47/49 MP: 5/5
  1588 | D:3      | 1588 ||| INVOKING Spit Poison.
  1622 | D:3      | 1622 ||| INVOKING Spit Poison.
  1661 | D:3      | 1661 ||| INVOKING Spit Poison.
  1719 | D:3      | 1719 ||| INVOKING Spit Poison.
  1829 | D:3      | 1829 ||| INVOKING Spit Poison.
  1860 | D:3      | 1860 ||| INVOKING Spit Poison.
  1866 | D:3      | Found a faded altar of an unknown god.
  1870 | D:3      | 1870 ||| INVOKING Spit Poison.
  1873 | D:3      | 1873 ||| INVOKING Spit Poison.
  1903 | D:3      | 1903 ||| INVOKING Spit Poison.
  1927 | D:3      | 1927 ||| INVOKING Spit Poison.
  1932 | D:3      | 1932 ||| INVOKING Spit Poison.
  2082 | D:3      | 2082 ||| INVOKING Spit Poison.
  2180 | D:3      | 2180 ||| READING 2 scrolls labelled LUCEENGEAKU.
  2281 | D:3      | 2281 ||| READING 2 scrolls labelled EWOPSOU MOEHO.
  2282 | D:3      | 2282 ||| READING 2 scrolls of identify.
  2282 | D:3      | 2282 ||| IDENTIFYING cyan potion
  2283 | D:3      | 2283 ||| DROPPING scroll of silence.
  2284 | D:3      | 2284 ||| DROPPING potion of ambrosia.
  2346 | D:4      | 2346 ||| INVOKING Spit Poison.
  2352 | D:4      | 2352 ||| INVOKING Spit Poison.
  2354 | D:4      | Reached XP level 6. HP: 49/56 MP: 6/6
  2397 | D:4      | 2397 ||| INVOKING Spit Poison.
  2536 | D:4      | 2536 ||| INVOKING Spit Poison.
  2537 | D:4      | Reached skill level 6 in Ranged Weapons
  2583 | D:4      | Noticed Eustachio
  2589 | D:4      | 2589 ||| INVOKING Spit Poison.
  2596 | D:4      | 2596 ||| INVOKING Spit Poison.
  2607 | D:4      | 2607 ||| INVOKING Spit Poison.
  2612 | D:4      | 2612 ||| INVOKING Spit Poison.
  2619 | D:4      | 2619 ||| INVOKING Spit Poison.
  2620 | D:4      | Killed Eustachio
  2696 | D:4      | 2696 ||| INVOKING Spit Poison.
  2699 | D:4      | 2699 ||| INVOKING Spit Poison.
  2702 | D:4      | Reached XP level 7. HP: 58/66 MP: 7/7
  2780 | D:4      | Noticed qw's ghost (amateur MiHu)
  2781 | D:4      | Found a runed translucent gate.
  2781 | D:4      | Identified the +0 plate armour of the Eight Boll Weevils
                  | {rN+}
  2782 | D:4      | Found a runed translucent gate.
  2783 | D:4      | Found a runed translucent gate.
  2783 | D:4      | Identified the +7 whip of Insufficient Pleasure {venom, rC-
                  | rN+++ MP+9}
  2808 | D:4      | 2808 ||| INVOKING Spit Poison.
  2850 | D:4      | Noticed Pikel
  2852 | D:4      | 2852 ||| INVOKING Spit Poison.
  2856 | D:4      | 2856 ||| INVOKING Spit Poison.
  2860 | D:4      | 2860 ||| INVOKING Spit Poison.
  2863 | D:4      | 2863 ||| INVOKING Spit Poison.
  2867 | D:4      | 2867 ||| INVOKING Spit Poison.
  2870 | D:4      | 2870 ||| INVOKING Spit Poison.
  2871 | D:4      | Killed Pikel
  2872 | D:4      | Reached skill level 8 in Ranged Weapons
  2872 | D:4      | Reached XP level 8. HP: 28/73 MP: 8/8
  3166 | D:4      | 3166 ||| INVOKING Spit Poison.
  3172 | D:4      | 3172 ||| INVOKING Spit Poison.
  3176 | D:4      | 3176 ||| INVOKING Spit Poison.
  3179 | D:4      | 3179 ||| INVOKING Spit Poison.
  3183 | D:4      | 3183 ||| INVOKING Spit Poison.
  3229 | D:4      | 3229 ||| INVOKING Spit Poison.
  3240 | D:4      | 3240 ||| INVOKING Spit Poison.
  3371 | D:4      | 3371 ||| READING scroll labelled FYNUED CIGILIO.
  3372 | D:4      | 3372 ||| READING scroll labelled CUVVA HUSKOSYI.
  3384 | D:5      | Entered Level 5 of the Dungeon
  3388 | D:5      | 3388 ||| INVOKING Spit Poison.
  3392 | D:5      | 3392 ||| INVOKING Spit Poison.
  3395 | D:5      | 3395 ||| INVOKING Spit Poison.
  3402 | D:5      | 3402 ||| INVOKING Spit Poison.
  3407 | D:5      | 3407 ||| INVOKING Spit Poison.
  3410 | D:5      | 3410 ||| INVOKING Spit Poison.
  3416 | D:5      | 3416 ||| INVOKING Spit Poison.
  3541 | D:5      | 3541 ||| INVOKING Spit Poison.
  3545 | D:5      | 3545 ||| INVOKING Spit Poison.
  3587 | D:5      | 3587 ||| Stepping ~*~*~tactically~*~*~ (outnumbered).
  3589 | D:5      | 3589 ||| Stepping ~*~*~tactically~*~*~ (outnumbered).
  3591 | D:5      | 3591 ||| Stepping ~*~*~tactically~*~*~ (outnumbered).
  3592 | D:5      | 3592 ||| INVOKING Spit Poison.
  3596 | D:5      | 3596 ||| INVOKING Spit Poison.
  3601 | D:5      | 3601 ||| INVOKING Spit Poison.
  3616 | D:5      | 3616 ||| INVOKING Spit Poison.
  3772 | D:5      | 3772 ||| INVOKING Spit Poison.
  3787 | D:5      | Found a runed translucent gate.
  3787 | D:5      | Found a runed translucent gate.
  3787 | D:5      | Found a runed translucent gate.
  3824 | D:5      | Noticed qw's ghost (novice GrHu)
  3885 | D:5      | 3885 ||| INVOKING Spit Poison.
  3888 | D:5      | 3888 ||| INVOKING Spit Poison.
  3943 | D:5      | 3943 ||| INVOKING Spit Poison.
  3967 | D:5      | Noticed a wraith
  4002 | D:5      | HP: 18/74 [wraith (7)]
  4003 | D:5      | 4003 ||| READING 2 scrolls of teleportation.
  4227 | D:5      | 4227 ||| UPGRADING to +4 ring of protection.
  4246 | D:5      | 4246 ||| INVOKING Spit Poison.
  4250 | D:5      | Reached skill level 9 in Ranged Weapons
  4323 | D:5      | Killed a wraith
  4478 | D:5      | 4478 ||| INVOKING Spit Poison.
  4818 | D:5      | 4818 ||| INVOKING Spit Poison.
  4940 | D:6      | 4940 ||| INVOKING Spit Poison.
  4945 | D:6      | Reached skill level 6 in Fighting
  4947 | D:6      | 4947 ||| INVOKING Spit Poison.
  4970 | D:6      | 4970 ||| INVOKING Spit Poison.
  5001 | D:6      | 5001 ||| INVOKING Spit Poison.
  5007 | D:6      | 5007 ||| INVOKING Spit Poison.
  5013 | D:6      | 5013 ||| INVOKING Spit Poison.
  5015 | D:6      | Reached skill level 3 in Dodging
  5015 | D:6      | Reached XP level 9. HP: 82/82 MP: 9/9
  5068 | D:6      | 5068 ||| INVOKING Spit Poison.
  5076 | D:6      | 5076 ||| INVOKING Spit Poison.
  5105 | D:6      | 5105 ||| INVOKING Spit Poison.
  5109 | D:6      | 5109 ||| INVOKING Spit Poison.
  5148 | D:6      | Found a staircase to the Ecumenical Temple.
  5149 | D:6      | 5149 ||| PLANNING TEMPLE
  5149 | D:6      | 5149 ||| DRINKING 2 sedimented red potions.
  5150 | D:6      | 5150 ||| DROPPING potion of attraction.
  5154 | Temple   | Entered the Ecumenical Temple
  5271 | Temple   | 5271 ||| PLANNING OKAWARU WORSHIP
  5452 | Temple   | Became a worshipper of Warmaster Okawaru
  5452 | Temple   | 5452 ||| PLANNING D:1-11
  5506 | D:6      | 5506 ||| INVOKING Spit Poison.
  5509 | D:6      | 5509 ||| INVOKING Spit Poison.
  5557 | D:6      | 5557 ||| INVOKING Spit Poison.
  5561 | D:6      | 5561 ||| INVOKING Spit Poison.
  5843 | D:6      | Found a white marble altar of Elyvilon.
  5895 | D:6      | Found a basalt altar of Yredelemnul.
  5964 | D:6      | 5964 ||| DRINKING 2 ruby potions.
  5965 | D:6      | 5965 ||| READING 3 scrolls of identify.
  5965 | D:6      | 5965 ||| IDENTIFYING metallic ruby potion
  5966 | D:6      | 5966 ||| DROPPING potion of enlightenment.
  5989 | D:7      | 5989 ||| STAIRDANCE
  6082 | D:7      | 6082 ||| STAIRDANCE
  6087 | D:6      | HP: 14/73 [wight/+2 hand axe of freezing (7)]
  6088 | D:6      | 6088 ||| READING scroll of teleportation.
  6089 | D:6      | HP: 6/73 [wight/+4 morningstar of freezing (8)]
  6089 | D:6      | HP: 2/73 [wight/+4 morningstar of freezing (4)]
  6089 | D:6      | Slain by a wight

Levels and vault maps discovered:
D:1:      minmay_arrival_four_houses, layout_rooms
D:2:      layout_loops_ring, uniq_terence, uniq_sigmund, uniq_robin
D:3:      layout_basic, chequers_ecumenical_altar_island, uniq_ijyb
D:4:      layout_loops_corners, biasface_ghost_orc_armoury,
          minmay_misc_feat_pillars, uniq_eustachio, uniq_pikel
D:5:      cheibrodos_two_vegetables, layout_basic, gammafunk_ghost_icy
D:6:      layout_loops_ring, kennysheep_ying_yang, minmay_temple_entry_trees
D:7:      layout_rooms, serial_shops, nicolae_shop_rolling_square
Temple:   hc_temple_tempest_star

Skill      XL: |  1  2  3  4  5  6  7  8 |
---------------+-------------------------+-----
Ranged Weapons | 4 5 6 8 9 |  9.8
Fighting       | 3 4 6 |  6.2
Dodging        | 2 3 |  3.3
Stealth        | |  1.5

Action                     |  1- 3 |  4- 6 |  7- 9 || total
---------------------------+-------+-------+-------++-------
   Fire: Shortbow          |    60 |   101 |   237 ||   398
Ability: Spit Poison       |    22 |    38 |    48 ||   108
    Use: Scroll            |     4 |     5 |     5 ||    14
         Potion            |       |       |     2 ||     2
 Armour: Leather armour    |     5 |    12 |    44 ||    61
  Dodge: Dodged            |    19 |    42 |   141 ||   202

Table legend:
 A = Non-vault XP
 B = Vault XP
 C = Vault XP percentage of total XP
 D = Non-vault monster count
 E = Vault monster count
 F = Vault count percentage of total count
                 A         B        C        D         E       F
            +---------+---------+-------+---------+---------+-------
      Total |    1784 |    1284 |  41.9 |      89 |      19 |  17.6
            +---------+---------+-------+---------+---------+-------
        D:1 |      34 |       0 |   0.0 |      18 |       0 |   0.0
        D:2 |      23 |      70 |  75.3 |      10 |      12 |  54.5
        D:3 |      71 |      36 |  33.6 |      16 |       1 |   5.9
        D:4 |     469 |     825 |  63.8 |      19 |       2 |   9.5
        D:5 |     235 |     353 |  60.0 |      13 |       4 |  23.5
        D:6 |     952 |       0 |   0.0 |      13 |       0 |   0.0
            +---------+---------+-------+---------+---------+-------
